 Dungeon Sprint DCSS version 0.31-a0-986-g5e6e4ef867 (webtiles) character file.

Game seed: 6620777930196563677

10607 rocky1 the Black Belt (level 11, 0/82 HPs)
             Began as an Octopode Shapeshifter on Nov 14, 2023.
             Was an Initiate of Gozag.
             Slain by an ettin
             ... wielding a +0 dire flail
              (41 damage)
             ... in the Dungeon (Sprint IX: "|||||||||||||||||||||||||||||").
             The game lasted 00:08:10 (3284 turns).

rocky1 the Black Belt (Octopode Shapeshifter)       Turns: 3284, Time: 00:08:11

Health: 0/82       AC:  1    Str: 16    XL:     11   Next: 64%
Magic:  17/18      EV: 21    Int: 18    God:    Gozag
Gold:   463        SH:  0    Dex: 22    Spells: 17/20 levels left

rFire   . .          .
                       - Unarmed
rCold   . . .        (no shield)
rNeg    + . .        (helmet currently unavailable)
rPois   .            a - amulet of regeneration
rElec   +            m - +2 ring of evasion
rCorr   +            n - +3 ring of strength
SInv    +            j - ring "Rimu" {Int+5 Dex+6}
Will    .....        t - ring of Oniasug {rElec rN+ rCorr SInv}
Stlth   +++++        (no ring)
HPRegen 1.13/turn    (no ring)
MPRegen 0.16/turn    (no ring)
                     (no ring)

%: no teleportation
@: mighty, beast-form, gold aura, hasted, very quick
A: beast (slay +4), almost no armour, amphibious, 8 rings, camouflage 1,
gelatinous body 1, (nimble swimmer 1), tentacles
a: Begin Untransformation, Renounce Religion, Potion Petition, Call Merchant,
Bribe Branch


You were in the Dungeon.
You worshipped Gozag.
Gozag was aware of your devotion.
You were a hulking beast.
You visited 1 branch You collected 6339 gold pieces.
You spent 2805 gold pieces at shops.
You paid 3071 gold pieces to Gozag.

Inventory:

Jewellery
 a - an amulet of regeneration (around mantle)
 j - the ring "Rimu" (on tentacle) {Int+5 Dex+6}
   (You bought it in a shop in the Dungeon)

   [ring of dexterity]

   Int+5:     It affects your intelligence (+5).
   Dex+6:     It affects your dexterity (+6).
 m - a +2 ring of evasion (left tentacle)
 n - a +3 ring of strength (right tentacle)
 t - the ring of Oniasug (on tentacle) {rElec rN+ rCorr SInv}
   (You bought it in a shop in the Dungeon)

   [ring of resist corrosion]

   rElec:     It insulates you from electricity.
   rN+:       It protects you from negative energy.
   SInv:      It lets you see invisible.
   rCorr:     It protects you from acid and corrosion.
Talismans
 b - a beast talisman (active)
 c - a flux talisman
Scrolls
 i - a scroll of blinking
 k - 2 scrolls of amnesia
 o - 3 scrolls of identify
 p - 4 scrolls of fear
 q - 3 scrolls of fog
 r - 2 scrolls of immolation
 s - a scroll of vulnerability
Potions
 d - 6 potions of curing
 g - 4 potions of magic
 h - 4 potions of resistance
 l - 3 potions of heal wounds


   Skills:
 + Level 10.3 Fighting
 * Level 8.4 Dodging
 - Level 8.8 Stealth
 + Level 18.1 Unarmed Combat
 + Level 5.1 Spellcasting
 + Level 5.6 Ice Magic
 - Level 4.8 Evocations
 + Level 13.6 Shapeshifting


You had 17 spell levels left.
You knew the following spells:

 Your Spells              Type           Power      Damage    Failure   Level
a - Frozen Ramparts       Ice            48%        1d8       4%          3

Your spell library contained the following spells:

 Spells                   Type           Power      Damage    Failure   Level
 Gell's Gravitas          Tloc           4%         N/A       36%         3
 Metabolic Englaciation   Hex/Ice        7%         N/A       75%         5
 Iskenderun's Mystic Bla  Conj/Tloc      4%         2d3       78%         4
 Petrify                  Tmut/Erth      4%         N/A       78%         4
 Summon Lightning Spire   Summ/Air       4%         N/A       78%         4


Dungeon Overview and Level Annotations

Branches:
Dungeon (1/1)

Altars:
Cheibriados
Dithmenos
Elyvilon
Fedhas
Gozag
Hepliaklqana
Kikubaaqudgha
Makhleb
Nemelex Xobeh
Okawaru
Qazlal
Ru
Sif Muna
Trog
Uskayaw
Vehumet
Wu Jian
Xom
Yredelemnul
Zin
The Shining One
Jiyva
Lugonu

Shops:
D ?=*=*


Innate Abilities, Weirdness & Mutations

You are a hulking beast.
Your limbs bulge with bestial killing power. (Slay +4)
You cannot wear most types of armour.
You are amphibious.
You can wear up to eight rings at the same time.
Your skin changes colour to match your surroundings (Stealth+).
Your rubbery body absorbs attacks. (AC +1, EV +1)
((You are camouflaged when in or above water. (Stealth+)))
You have tentacles for arms and can constrict up to eight enemies at once.


Message History

You squeeze the stone giant, but do no damage.
The stone giant is severely wounded.
You bludgeon the stone giant!
The stone giant is severely wounded.
The ettin is distracted by your dazzling golden aura.
The stone giant hits you.
The ettin shouts in stereo!
You tentacle-slap the stone giant. You tentacle-slap the stone giant!
The stone giant is almost dead.
The deep troll is no longer distracted by gold.
You tentacle-slap the stone giant. Your squeeze misses the stone giant.
The stone giant is almost dead.
You bludgeon the stone giant!
You kill the stone giant!
The ettin is no longer distracted by gold.
Your Dodging skill increases to level 8!
Your Spellcasting skill increases to level 5!
You bludgeon the troll!
The troll is moderately wounded.
You batter the troll!!
Your tentacle-slap misses the troll.
The troll is almost dead.
The troll bites you! The troll claws you! The troll misses you.
You barely miss the troll. You tentacle-slap the troll.
You kill the troll!
Found Inojogoe's Assorted Antiques.
The troll is distracted by your dazzling golden aura.
The ettin misses you.
The ettin hits you with a +0 dire flail!!
The troll shouts!
Things that are here:
320 gold pieces; 2 large rocks You bludgeon the ettin!
The ettin is moderately wounded.
You batter the ettin!!
The ettin is severely wounded.
A troll comes into view.
The ettin hits you with a +0 dire flail!!!
Ouch! That really hurt!
You die...
Your body crumbles into a pile of gold.

+,,,,,,,,,+,,,,,,,,,+,~~~~~,,,+,,
*********************************
,,,,,,,,,,,,,,,,,,,,,,,,,,,,,,,,,
*********************************
,,,,,,,,,,,,,,,,,+,,,,,,,,,,,,,,,
▓▓▓******************************
...,,,,,,,,,,,,,,,,,,,,,,,,,,,,,,
▓▓▓▓▓▓▓▓▓▓▓▓▓▓▓▓▓▓▓▓▓▓▓▓*********
.∩))))).)))))..$hCTTT∩$T,∩,∩,,,,,
▓▓▓▓▓▓▓▓▓▓▓▓▓▓▓▓▓▓▓▓▓▓▓▓▓▓▓▓▓▓▓▓▓
.................................
▓▓▓▓▓▓▓▓▓▓▓▓▓▓▓▓▓▓▓▓▓▓▓▓▓▓▓▓▓▓▓▓▓
......'....∩....'.........(.)'..[
▓▓▓▓▓▓▓▓▓▓▓▓▓▓▓▓▓▓▓▓▓▓▓▓▓▓▓▓▓▓▓▓▓
.................................
▓▓▓▓▓▓▓▓▓▓▓▓▓▓▓▓▓▓▓▓▓▓▓▓▓▓▓▓▓▓▓▓▓
________________'..).[[[..')).)).


You could see an ettin, 2 deep trolls and 2 trolls.

Vanquished Creatures
  A stone giant (D)
  A boulder beetle (D)
  A two-headed ogre (D)
  An orc high priest (D)
  A tengu warrior (D)
  A deep troll (D)
  5 cane toads (D)
  2 komodo dragons (D)
  A troll (D)
  8 polar bears (D)
  2 slime creatures (D)
  A culicivora (shapeshifter) (D)
  3 yaks (D)
  A basilisk (D)
  An acid dragon (D)
  2 water moccasins (D)
  12 orc warriors (D)
  4 black bears (D)
  A centaur (D)
  2 bullfrogs (D)
  A kobold brigand (D)
  4 orc priests (D)
  A hound (D)
  An iguana (D)
  3 orc wizards (D)
  An adder (D)
  A dart slug (D)
  9 orcs (D)
  A ball python (D)
  2 hobgoblins (D)
  A kobold (D)
76 creatures vanquished.

Notes
Turn   | Place    | Note
-------+----------+-------------------------------------------
     0 | D        | rocky1 the Octopode Shapeshifter began the quest for the
                  | Orb.
     0 | D        | Reached XP level 1. HP: 13/13 MP: 1/1
    13 | D        | Reached skill level 4 in Unarmed Combat
    13 | D        | Reached XP level 2. HP: 9/18 MP: 2/2
   170 | D        | Reached skill level 1 in Stealth
   170 | D        | Reached skill level 5 in Unarmed Combat
   170 | D        | Reached skill level 5 in Shapeshifting
   170 | D        | Reached XP level 3. HP: 20/23 MP: 3/3
   177 | D        | Reached XP level 4. HP: 14/29 MP: 4/4
   182 | D        | Reached skill level 6 in Unarmed Combat
   344 | D        | Found a snail-covered altar of Cheibriados.
   344 | D        | Found a shadowy altar of Dithmenos.
   344 | D        | Found a white marble altar of Elyvilon.
   344 | D        | Found a blossoming altar of Fedhas.
   344 | D        | Found an opulent altar of Gozag.
   345 | D        | Found a hazy altar of Hepliaklqana.
   346 | D        | Found a viscous altar of Jiyva.
   347 | D        | Found an ancient bone altar of Kikubaaqudgha.
   348 | D        | Found a corrupted altar of Lugonu.
   349 | D        | Found a burning altar of Makhleb.
   350 | D        | Found a sparkling altar of Nemelex Xobeh.
   351 | D        | Found an iron altar of Okawaru.
   352 | D        | Became a worshipper of Gozag Ym Sagoz the Greedy
   353 | D        | Found a stormy altar of Qazlal.
   354 | D        | Found a sacrificial altar of Ru.
   355 | D        | Found a shimmering blue altar of Sif Muna.
   356 | D        | Found a bloodstained altar of Trog.
   357 | D        | Found a hide-covered altar of Uskayaw.
   358 | D        | Found a radiant altar of Vehumet.
   359 | D        | Found an ornate altar of the Wu Jian Council.
   360 | D        | Found a shimmering altar of Xom.
   361 | D        | Found a basalt altar of Yredelemnul.
   362 | D        | Found a glowing silver altar of Zin.
   363 | D        | Found a glowing golden altar of the Shining One.
   389 | D        | Noticed a two-headed ogre
   389 | D        | Noticed an acid dragon
   389 | D        | Noticed a yak
   389 | D        | Noticed an orc warrior
   389 | D        | Noticed a kobold brigand
   389 | D        | Noticed a centaur
   392 | D        | Killed an acid dragon
   393 | D        | Reached skill level 7 in Unarmed Combat
   393 | D        | Reached XP level 5. HP: 38/38 MP: 5/5
   398 | D        | Killed a two-headed ogre
   398 | D        | Killed a yak
   398 | D        | Killed a kobold brigand
   398 | D        | Killed a centaur
   399 | D        | Reached skill level 5 in Dodging
   399 | D        | Reached skill level 5 in Stealth
   399 | D        | Reached skill level 10 in Unarmed Combat
   399 | D        | Reached XP level 6. HP: 24/49 MP: 6/6
   399 | D        | Reached XP level 7. HP: 26/54 MP: 7/7
   399 | D        | Reached XP level 8. HP: 29/60 MP: 8/8
   401 | D        | Reached skill level 11 in Unarmed Combat
   507 | D        | Noticed a slime creature
   507 | D        | Noticed a tengu warrior
   507 | D        | Noticed a slime creature
   507 | D        | Noticed a yak
   507 | D        | Noticed a boulder beetle
   511 | D        | Killed a tengu warrior
   511 | D        | a yak changed into a culicivora
   511 | D        | Noticed a culicivora (shapeshifter)
   512 | D        | Reached skill level 10 in Shapeshifting
   512 | D        | Reached XP level 9. HP: 64/67 MP: 9/9
   513 | D        | Reached skill level 12 in Unarmed Combat
   997 | D        | Killed a boulder beetle
   998 | D        | Reached skill level 13 in Unarmed Combat
  1406 | D        | Bought a scroll of immolation for 40 gold pieces
  1406 | D        | Bought a scroll of vulnerability for 40 gold pieces
  1406 | D        | Bought a scroll of revelation for 75 gold pieces
  1406 | D        | Noticed a cane toad
  1406 | D        | Noticed a polar bear
  1406 | D        | Noticed a komodo dragon
  1407 | D        | Noticed a cane toad
  1422 | D        | Killed a cane toad
  1428 | D        | Killed a polar bear
  1429 | D        | Reached skill level 10 in Fighting
  1429 | D        | Reached XP level 10. HP: 75/76 MP: 10/10
  1436 | D        | Reached skill level 14 in Unarmed Combat
  1443 | D        | Killed a cane toad
  1478 | D        | Noticed a cane toad
  1478 | D        | Noticed a cane toad
  1623 | D        | Reached skill level 15 in Unarmed Combat
  1625 | D        | Noticed a cane toad
  1627 | D        | Killed a cane toad
  1629 | D        | Killed a cane toad
  1639 | D        | HP: 3/76 [poisoned by a water moccasin]
  1995 | D        | Reached skill level 16 in Unarmed Combat
  1996 | D        | Killed a cane toad
  2272 | D        | Bought 3 scrolls of fear for 144 gold pieces
  2272 | D        | Bought a scroll of immolation for 48 gold pieces
  2272 | D        | Bought a book of Sloth for 360 gold pieces
  2272 | D        | Bought the Spellbook of Airy Nonlocality for 336 gold
                  | pieces
  2276 | D        | Learned a level 3 spell: Frozen Ramparts
  2289 | D        | Reached skill level 1 in Ice Magic
  2294 | D        | Reached skill level 1 in Spellcasting
  2294 | D        | Reached XP level 11. HP: 43/81 MP: 10/13
  2307 | D        | Reached skill level 17 in Unarmed Combat
  2956 | D        | Noticed an orc high priest
  2974 | D        | Killed an orc high priest
  3011 | D        | Bought an amulet of regeneration for 420 gold pieces
  3011 | D        | Bought the ring "Rimu" {Int+5 Dex+6} for 749 gold pieces
  3011 | D        | Bought the ring of Oniasug {rElec rN+ rCorr SInv} for 593
                  | gold pieces
  3266 | D        | Found Testis's Jewellery Emporium.
  3266 | D        | Noticed a deep troll
  3266 | D        | Noticed an ettin
  3266 | D        | Noticed a stone giant
  3266 | D        | Noticed a deep troll
  3271 | D        | Killed a deep troll
  3272 | D        | Reached skill level 18 in Unarmed Combat
  3272 | D        | Reached skill level 5 in Ice Magic
  3272 | D        | Noticed a deep troll
  3278 | D        | Killed a stone giant
  3279 | D        | Reached skill level 5 in Spellcasting
  3282 | D        | Found Inojogoe's Assorted Antiques.
  3284 | D        | Slain by an ettin

Illustrated notes

Levels and vault maps discovered:
D:        linesprint [early_d, line_temple, items_1, d_10, items_2, lair_1,
          lair_end, items_3, orc_1, orc_end, items_4, d_15, swamp_1, shoals_1,
          snake_1, spider_1, d_20, vaults_1, items_5, swamp_end, shoals_end,
          snake_end, spider_end, vaults_end, d_27, items_6, zot_1, zot_end,
          crypt_end, forest_end, elf_end, slime_end, tomb_end, abyss_end,
          pan_hell_end]

Skill      XL: |  1  2  3  4  5  6  7  8  9 10 11 |
---------------+----------------------------------+-----
Unarmed Combat | 4 5 7 10 11 13 16 18 | 18.1
Stealth        | 1 2 5 6 8 |  8.8
Shapeshifting  | 5 6 9 10 11 12 13 | 13.6
Fighting       | 2 4 7 8 10 | 10.3
Dodging        | 3 5 6 7 8 |  8.4
Evocations     | 2 3 4 |  4.8
Ice Magic      | 1 5 |  5.6
Spellcasting   | 1 5 |  5.1

Action                     |  1- 3 |  4- 6 |  7- 9 | 10-12 || total
---------------------------+-------+-------+-------+-------++-------
  Melee: Unarmed           |    19 |     8 |    46 |   148 ||   221
         Constrict         |     6 |     1 |     3 |    24 ||    34
         Tentacles         |     4 |     4 |    18 |    32 ||    58
         Punch             |     1 |     1 |     4 |    20 ||    26
 Invoke: Call Merchant     |       |       |     1 |     2 ||     3
         Potion Petition   |       |       |       |     1 ||     1
  Evoke: Wand              |       |     4 |     6 |       ||    10
    Use: Potion            |       |     1 |     4 |     3 ||     8
         Scroll            |       |       |     2 |     1 ||     3
   Stab: Sleeping          |     1 |       |       |       ||     1
         Invisible         |       |     1 |     4 |     7 ||    12
         Distracted        |       |       |       |     1 ||     1
 Armour: Skin              |     7 |     3 |    17 |    71 ||    98
  Dodge: Dodged            |     5 |     8 |    24 |    64 ||   101
   Form: Beast             |       |       |     1 |       ||     1
         Flux              |       |       |     1 |       ||     1

Table legend: (Time is in decaauts)
 A = Elapsed time spent in this place.
 B = Non-inter-level travel time spent in this place.
 C = Inter-level travel time spent in this place.
 D = Time resting spent in this place.
 E = Time spent auto-exploring this place.
 F = Levels seen in this place.
 G = Mean time per level.
                   A        B        C        D        E       F      G
               +--------+--------+--------+--------+--------+-----+--------+
         Total |   3213 |   3213 |      0 |   2472 |      0 |   1 | 3213.0 |
       Dungeon |   3213 |   3213 |      0 |   2472 |      0 |   1 | 3213.0 |
               +--------+--------+--------+--------+--------+-----+--------+

Top non-repeatable levels by time:
       D: 3213 daAuts
